 Dungeon Sprint DCSS version bcrawl-1.21.3-2-g9d8a61a446 (webtiles) character file.

Game seed: 8510675816375745837

5665 funkygono the Blocker (level 11, -12/93 HPs)
             Began as a Formicid Fighter on Apr 12, 2020.
             Was the Champion of the Shining One.
             Mangled by a wolf spider (14 damage)
             ... in the Dungeon (Sprint V: "Ziggurat Sprint") on Apr 13, 2020.
             The game lasted 00:12:16 (1296 turns).

funkygono the Blocker (Formicid Fighter)            Turns: 1296, Time: 00:12:16

Health: -12/93     AC: 31    Str: 31    XL:     11   Next: 4%
Magic:  17/17      EV:  3    Int: 10    God:    the Shining One [******]
Gold:   0          SH: 33    Dex: 16    Spells: 28/32 levels left

rFire    + . .     SeeInvis +   a - +10 dark maul {crush}
rCold    + . .     Gourm    +   J - +18 shield of the Gong {rElec rN+ MR+ EV-5}
rNeg     + + +     Faith    .   I - +15 Maxwell's patent armour {-Cast -Tele rElec MR+ rCorr}
rPois    .         Spirit   .   (helmet unavailable)
rElec    +         Reflect  .   (no cloak)
rCorr    +         Harm     .   (no gloves)
MR       ++++.     NoCast   +   S - +0 pair of boots of the Moneychanger {-Cast rC+ rCorr} (curse)
Stlth    ..........             o - amulet of Myherph {Gourm Int+3 SInv}
HPRegen  0.25/turn              k - ring of Qazlal's Delight {rElec rF+ MR+ MP-9 Str+6}
MPRegen  0.15/turn              w - +6 ring of dexterity

@: lethally poisoned (-12 -> -150), glowing
A: permanent stasis, dig shafts and tunnels, four strong arms, antennae 3
a: Dig, Divine Shield, Cleansing Flame, Summon Divine Warrior, Brand Weapon With
Holy Wrath, Renounce Religion


You were in the Dungeon.
You worshipped the Shining One.
The Shining One was exalted by your worship.
You were completely stuffed.

You visited 1 branch

Inventory:

Hand Weapons
 a - the +10 dark maul (weapon) {crush}
   (You found it in the Dungeon)

   It inflicts extra damage upon your enemies.
 b - a +5 hunting sling
 H - the +7 great mace "Firestarter" {inner flame, rF++}
   (You found it in the Dungeon)

   It has been specially enchanted to burn those struck by it, causing extra
   injury to most foes and up to half again as much damage against particularly
   susceptible opponents.
   It greatly protects you from fire.
 L - a +4 hunting sling of freezing
 M - the +6 shillelagh "Devastator" {shatter}
   (You found it in the Dungeon)
Missiles
 F - 4204 sling bullets
Armour
 I - the +15 Maxwell's patent armour (worn) {-Cast -Tele rElec MR+ rCorr}
   (You found it in the Dungeon)

   It insulates you from electricity.
   It affects your resistance to hostile enchantments.
   It prevents spellcasting.
   It prevents most forms of teleportation.
   It provides partial protection from all sources of acid and corrosion.
 J - the +18 shield of the Gong (worn) {rElec rN+ MR+ EV-5}
   (You found it in the Dungeon)

   It affects your evasion (-5).
   It insulates you from electricity.
   It protects you from negative energy.
   It affects your resistance to hostile enchantments.
 K - the +10 plate armour "Jegora Erera" {*Corrode rC- Str+8 SInv}
   (You found it in the Dungeon)

   It affects your strength (+8).
   It makes you vulnerable to cold.
   It lets you see invisible.
   It may corrode you when you take damage.
 S - the cursed +0 pair of boots of the Moneychanger (worn) {-Cast rC+ rCorr}
   (You found it in the Dungeon)

   It protects you from cold.
   It prevents spellcasting.
   It provides partial protection from all sources of acid and corrosion.
   It has a curse placed upon it.
Jewellery
 k - the ring of Qazlal's Delight (left hand) {rElec rF+ MR+ MP-9 Str+6}
   (You found it in the Dungeon)

   [ring of insulation]

   It affects your strength (+6).
   It protects you from fire.
   It insulates you from electricity.
   It affects your resistance to hostile enchantments.
   It affects your magic capacity (-9).
 o - the amulet of Myherph (around neck) {Gourm Int+3 SInv}
   (You found it in the Dungeon)

   [amulet of the gourmand]

   It allows you to eat raw meat even when not hungry.
   It affects your intelligence (+3).
   It lets you see invisible.
 w - a +6 ring of dexterity (right hand)
 B - a +6 ring of strength
 G - an uncursed ring of fire
 P - the ring "Leate" {rF+ Str-2 Int+6 Dex+3}
   (You found it in the Dungeon)

   [ring of protection from fire]

   It affects your strength (-2).
   It affects your intelligence (+6).
   It affects your dexterity (+3).
   It protects you from fire.
 Q - the ring of Tension {rElec rC+ Str+4 Int+4}
   (You found it in the Dungeon)

   [ring of insulation]

   It affects your strength (+4).
   It affects your intelligence (+4).
   It protects you from cold.
   It insulates you from electricity.
 R - an uncursed ring of wizardry
Scrolls
 q - 4 scrolls of amnesia
 r - 7 scrolls of fog
 s - 5 scrolls of identify
 t - 5 scrolls of remove curse
 u - 2 scrolls of fear
Potions
 d - 6 potions of might
 f - 10 potions of curing
 g - 10 potions of heal wounds
 h - 6 potions of haste
 i - 7 potions of magic
 j - 3 potions of berserk rage
 l - 2 potions of brilliance
 m - 2 potions of invisibility
 n - 4 potions of resistance
 p - 5 potions of agility
Comestibles
 e - 7 rations {!d}
 A - 2 chunks of flesh


   Skills:
 + Level 11.1 Fighting
 + Level 13.6 Maces & Flails
 + Level 3.8 Slings
 + Level 10.8 Armour
 + Level 13.6 Shields
 * Level 11.1 Spellcasting


You had 28 spell levels left.
You knew the following spells:

 Your Spells              Type           Power        Failure   Level  Hunger
a - Beastly Appendage     Tmut           #.....       61%         1    None
b - Mephitic Cloud        Conj/Pois/Air  #.......     93%         3    ##.....

Your spell library contained the following spells:

 Spells                   Type           Power        Failure   Level  Hunger
 Spider Form              Tmut/Pois      #..          93%         3    ##.....
 Petrify                  Tmut/Erth      #.......     100%        4    ####...
 Summon Scorpions         Summ/Pois      #.......     100%        4    ####...
 Iskenderun's Battlesphe  Conj/Chrm      #.......     100%        5    #####..
 Piercing Shot            Chrm           #.........   100%        5    #####..
 Silence                  Hex/Air        #.........   100%        5    #####..
 Death Channel            Chrm/Necr      #.........   100%        6    #######
 Deflect Missiles         Chrm/Air       #.........   100%        6    #######
 Infestation              Hex/Tmut/Pois  #........    100%        6    #######
 Iron Shot                Conj/Erth      #.........   100%        6    #######
 Statue Form              Tmut/Erth      #........    100%        6    #######
 Haunt                    Necr/Summ      #.........   100%        7    #######
 Malign Gateway           Summ/Tloc      #.........   100%        7    #######
 Monstrous Menagerie      Summ           #.........   100%        7    #######
 Summon Greater Demon     Summ           #.........   100%        7    #######
 Borgnjor's Revivificati  Necr           #.........   100%        8    #######
 Discord                  Hex            #.........   100%        8    #######
 Necromutation            Tmut/Necr      #.......     100%        8    #######
 Summon Horrible Things   Summ           #.........   100%        8    #######


Dungeon Overview and Level Annotations

Branches:
Dungeon (1/1)

Altars:
Ashenzari
Cheibriados
Dithmenos
Elyvilon
Fedhas
Gozag
Hepliaklqana
Kikubaaqudgha
Lugonu
Makhleb
Nemelex Xobeh
Okawaru
Qazlal
Ru
Sif Muna
Trog
Uskayaw
Vehumet
Wu Jian
Xom
Yredelemnul
Zin
The Shining One
Beogh
Jiyva


Innate Abilities, Weirdness & Mutations

You cannot be hasted, slowed, berserked, paralysed or teleported.
You can dig through walls and to a lower floor.
Your four strong arms can wield two-handed weapons with a shield.
You have a pair of large antennae on your head. (SInv)


Message History

The wolf spider bites you!
* * * LOW HITPOINT WARNING * * *
You are more poisoned.
The wolf spider poisons you! You block the redback's attack.
GONNNNG!
The redback bites you but does no damage.
The wolf spider hits you.
* * * LOW HITPOINT WARNING * * *
The wolf spider bites you but does no damage.
The redback bites you but does no damage.
The redback bites you! The Shining One protects you from harm!
The wolf spider hits you but does no damage.
The wolf spider bites you but does no damage.
The redback bites you but does no damage.
The redback bites you.
* * * LOW HITPOINT WARNING * * *
You are more poisoned.
The redback poisons you! The wolf spider hits you!
You die...

{{ ▓..8©8..▓
▓..)|}|[..▓..}=)..▓
▓..."|=...▓..[....▓
▓.........▓.......▓
▓.........▓.......▓
▓.........▓.......▓
▓........s▓.......▓
▓.▓...ss▓s▓.▓...▓.▓
▓....©ss@.▓...©...▓
▓▓▓▓▓▓▓▓▓▓▓▓▓▓▓▓▓▓▓


{{{{{ {{{{{ {{{{{ {{{{ You could see a wolf spider, a tarantella, 2 redbacks and
2 scorpions.

Vanquished Creatures
  A dancing weapon (D)
  2 deep elf archers (D)
  A wolf spider (D)
  2 deep elf magi (D)
  A komodo dragon (D)
  3 merfolk (D)
  3 hippogriffs (D)
  A yak (D)
  A tarantella (D)
  2 nagas (D)
  3 porcupines (D)
  A phantom (D)
  A necrophage (D)
  3 wolves (D)
  2 bullfrogs (D)
  3 iguanas (D)
  4 mummies (D)
  An adder (D)
  2 ball pythons (D)
  2 quokka skeletons (D)
39 creatures vanquished.

Notes
Turn   | Place    | Note
-------+----------+-------------------------------------------
     0 | D        | funkygono the Formicid Fighter began the quest for the Orb.
     0 | D        | Reached XP level 1. HP: 18/18 MP: 1/1
     0 | D        | Found a shimmering blue altar of Sif Muna.
     0 | D        | Found a sacrificial altar of Ru.
     0 | D        | Found a bloodstained altar of Trog.
     0 | D        | Found a stormy altar of Qazlal.
     0 | D        | Found an iron altar of Okawaru.
     0 | D        | Found a sparkling altar of Nemelex Xobeh.
     0 | D        | Found a blossoming altar of Fedhas.
     1 | D        | Found the +6 Majin-Bo {vamp, *Drain Str+12 Int+24}
     1 | D        | Found the +7 great mace "Firestarter" {inner flame, rF++}
     2 | D        | Found a transporter.
     2 | D        | Found an ancient bone altar of Kikubaaqudgha.
     2 | D        | Found a viscous altar of Jiyva.
     2 | D        | Found a corrupted altar of Lugonu.
     2 | D        | Found a hazy altar of Hepliaklqana.
     2 | D        | Found a burning altar of Makhleb.
     2 | D        | Found an opulent altar of Gozag.
    25 | D        | Found the +9 heavy crossbow "Sniper" {velocity, Acc+∞ SInv}
    25 | D        | Found the +10 dark maul {crush}
    25 | D        | Found the +15 Maxwell's patent armour {-Cast -Tele rElec
                  | MR+ rCorr}
    25 | D        | Found the +18 shield of the Gong {rElec rN+ MR+ EV-5}
    25 | D        | Found the cursed +14 obsidian axe {chop, +Fly SInv *Curse}
    27 | D        | Found the +6 shillelagh "Devastator" {shatter}
    27 | D        | Found the +11 plutonium sword {*Contam Stlth-}
    27 | D        | Found the +8 lance "Wyrmbane" {slay drac, rPois rF+ rC+
                  | AC+3}
    27 | D        | Found the +9 sword of Zonguldrok {reap}
    27 | D        | Found the cursed +13 scythe of Curses {drain, *Curse}
    27 | D        | Found the +0 sword of Power
    27 | D        | Found the +7 mace of Variability {chain chaos}
    27 | D        | Found the +7 Singing Sword {slice}
    27 | D        | Found the +7 longbow "Piercer" {penet, EV-2}
   130 | D        | Became a worshipper of the Shining One
   136 | D        | Reached skill level 5 in Shields
   136 | D        | Reached XP level 2. HP: 26/26 MP: 1/5
   188 | D        | Entered arena 2.
   188 | D        | Noticed a naga
   188 | D        | Found a transporter.
   200 | D        | Killed a naga
   200 | D        | Reached XP level 3. HP: 16/34 MP: 5/8
   200 | D        | Reached XP level 4. HP: 19/40 MP: 6/10
   200 | D        | Reached XP level 5. HP: 22/46 MP: 6/11
   203 | D        | Got the amulet of Myherph {Gourm Int+3 SInv}
   430 | D        | Entered arena 3.
   430 | D        | Noticed a naga
   430 | D        | Reached * piety under the Shining One
   430 | D        | Found a transporter.
   434 | D        | Killed a naga
   434 | D        | Reached skill level 5 in Maces & Flails
   434 | D        | Reached skill level 5 in Spellcasting
   434 | D        | Reached XP level 6. HP: 55/55 MP: 11/13
   443 | D        | Got the +10 plate armour "Jegora Erera" {*Corrode rC- Str+8
                  | SInv}
   445 | D        | Entered arena 4.
   445 | D        | Reached ** piety under the Shining One
   445 | D        | Found a transporter.
   449 | D        | Reached *** piety under the Shining One
   461 | D        | Entered arena 5.
   461 | D        | Noticed a necrophage
   461 | D        | Reached **** piety under the Shining One
   461 | D        | Noticed a phantom
   461 | D        | Reached ***** piety under the Shining One
   461 | D        | Found a transporter.
   465 | D        | Killed a necrophage
   465 | D        | Received a gift from the Shining One
   465 | D        | Reached XP level 7. HP: 61/62 MP: 14/16
   476 | D        | Got the cursed +1 fire dragon scales of Ziuxetoc {rPois
                  | rF++ rC- SInv}
   488 | D        | Got the ring "Leate" {rF+ Str-2 Int+6 Dex+3}
   490 | D        | Entered arena 6.
   490 | D        | Noticed a deep elf mage
   490 | D        | Noticed a deep elf mage
   490 | D        | Noticed a deep elf archer
   490 | D        | Noticed a deep elf archer
   490 | D        | Noticed a +0 hand axe of venom
   490 | D        | Found a transporter.
   492 | D        | Killed a +0 hand axe of venom
   492 | D        | Reached skill level 10 in Shields
   492 | D        | Reached XP level 8. HP: 71/71 MP: 16/19
   494 | D        | Killed a deep elf mage
   494 | D        | Reached XP level 9. HP: 65/77 MP: 17/21
   496 | D        | Killed a deep elf mage
   496 | D        | Reached skill level 10 in Maces & Flails
   499 | D        | Killed a deep elf archer
   499 | D        | Reached skill level 10 in Fighting
   502 | D        | Killed a deep elf archer
   502 | D        | Reached XP level 10. HP: 60/86 MP: 19/23
   509 | D        | Got the Almanac of the Rocks and Venom
   636 | D        | Entered arena 7.
   636 | D        | Reached ****** piety under the Shining One
   636 | D        | Received a gift from the Shining One
   645 | D        | Reached skill level 10 in Spellcasting
   647 | D        | Found a transporter.
   650 | D        | Reached skill level 10 in Armour
   841 | D        | Got the ring of Tension {rElec rC+ Str+4 Int+4}
   846 | D        | Got the ring of Qazlal's Delight {rElec rF+ MR+ MP-9 Str+6}
   863 | D        | Entered arena 8.
   863 | D        | Noticed a komodo dragon
   874 | D        | Killed a komodo dragon
   876 | D        | Found a transporter.
  1134 | D        | Got the Disquisition on Moulding
  1148 | D        | Learned a level 1 spell: Beastly Appendage
  1152 | D        | Learned a level 3 spell: Mephitic Cloud
  1154 | D        | Entered arena 9.
  1154 | D        | Received a gift from the Shining One
  1155 | D        | Found the +8 arc blade {discharge, rElec}
  1173 | D        | Found a transporter.
  1184 | D        | Got the cursed +0 pair of boots of the Moneychanger {-Cast
                  | rC+ rCorr}
  1194 | D        | Got the ring of the Secret Planets {rElec Int+4}
  1196 | D        | Got the +12 scythe of Qiaff {freeze, rF+ MR- Int+7 Dex+3}
  1201 | D        | Got the +1 plate armour of Miracles {rElec rF+ rC- Int+2}
  1287 | D        | Entered arena 10.
  1287 | D        | Noticed a wolf spider
  1287 | D        | Noticed a wolf spider
  1296 | D        | Killed a wolf spider
  1296 | D        | Reached XP level 11. HP: 21/93 MP: 17/26
  1296 | D        | HP: 4/93 [wolf spider (8)]
  1296 | D        | The Shining One protects you from harm!
  1296 | D        | Mangled by a wolf spider

Skill      XL: |  1  2  3  4  5  6  7  8  9 10 |
---------------+-------------------------------+-----
Fighting       | 4 6 7 8 9 10 11 | 11.1
Maces & Flails | 3 4 5 6 9 12 13 | 13.6
Slings         | 3 |  3.8
Armour         | 4 6 7 8 9 10 | 10.8
Shields        | 5 6 7 8 10 12 13 | 13.6
Spellcasting   | 2 4 5 6 7 8 9 11 | 11.1

Action                   |  1- 3 |  4- 6 |  7- 9 | 10-12 || total
-------------------------+-------+-------+-------+-------++-------
Melee: Great mace        |     7 |       |       |    13 ||    20
       Maul              |       |    10 |     9 |    22 ||    41
 Fire: Hunting sling     |       |       |       |     6 ||     6
  Use: Potion            |     1 |       |       |       ||     1
  Eat: Chunk             |       |       |       |    10 ||    10
Armor: Plate armour      |     4 |     9 |     8 |    94 ||   115
Dodge: Dodged            |       |       |       |    17 ||    17
Block: Medium shield     |    11 |    22 |    22 |   120 ||   175
